 Dungeon Crawl Stone Soup version 0.19.5 (webtiles) character file.

62291 Peloso the Peltast (level 14, -2/129 HPs)
             Began as a Minotaur Fighter on Apr 30, 2017.
             Was the Champion of Okawaru.
             Killed by divine providence
             ... invoked by an orc priest
              (15 damage)
             ... on level 1 of the Orcish Mines.
             The game lasted 01:04:11 (18766 turns).

Peloso the Peltast (Minotaur Fighter)              Turns: 18766, Time: 01:04:12

Health: -2/129     AC: 33    Str: 30    XL:     14   Next: 63%
Magic:  13/13      EV: 12    Int:  5    God:    Okawaru [******]
Gold:   686        SH: 20    Dex: 13    Spells: 0 memorised, 13 levels left

rFire  . . .     SeeInvis .     M - +7 long sword of the Fifty Stars {drain, rN++}
rCold  . . .     Gourm    .     L - +11 chain mail of Morality {-Cast rPois Str+2}
rNeg   + + .     Faith    .     D - +1 shield {AC+3}
rPois  +         Spirit   .     A - +2 hat
rElec  .         Reflect  +     l - +0 cloak
rCorr  .         Harm     .     p - +0 pair of gloves
MR     +....     NoCast   +     T - +0 pair of boots of Wasted Space {rPois} (curse)
Stlth  ..........               P - +3 amulet of reflection
                                (no ring)
                                t - +5 ring of strength

@: no status effects
A: retaliatory headbutt, horns 2, blurry vision 1
a: Heroism, Finesse, Renounce Religion


You were on level 1 of the Orcish Mines.
You worshipped Okawaru.
Okawaru was exalted by your worship.
You were very hungry.

You visited 4 branches of the dungeon, and saw 22 of its levels.

You collected 1370 gold pieces.
You spent 684 gold pieces at shops.

Inventory:

Hand Weapons
 M - the +7 long sword of the Fifty Stars (weapon) {drain, rN++}
   (Okawaru gifted it to you on level 13 of the Dungeon)

   A truly terrible weapon, it drains the life of those it strikes.
   It greatly protects you from negative energy.
Armour
 l - a +0 cloak (worn)
 p - a +0 pair of gloves (worn)
 A - a +2 hat (worn)
 D - a +1 shield of protection (worn)
 J - a +0 large shield of reflection
 L - the +11 chain mail of Morality (worn) {-Cast rPois Str+2}
   (You found it on level 6 of the Lair of Beasts)

   It affects your strength (+2).
   It protects you from poison.
   It prevents spellcasting.
 T - the cursed +0 pair of boots of Wasted Space (worn) {rPois}
   (You bought it in a shop on level 14 of the Dungeon)

   It protects you from poison.
   It has a curse placed upon it.
Jewellery
 j - an uncursed ring of protection from magic
 t - a +5 ring of strength (left hand)
 y - an uncursed ring of flight
 P - a +3 amulet of reflection (around neck)
 W - a +3 ring of dexterity
Wands
 a - a wand of teleportation (3/9)
 b - a wand of hasting (8/9)
 F - a wand of digging (9/24)
 Y - a wand of disintegration (13/24)
Scrolls
 o - 8 scrolls of teleportation
 r - 3 scrolls of magic mapping
 s - 15 scrolls of remove curse
 w - a scroll of identify
 K - a scroll of fear
 N - 2 scrolls of fog
 R - a scroll of recharging
Potions
 d - 2 potions of might
 e - 10 potions of curing
 i - 2 potions of berserk rage
 v - 2 potions of resistance
 x - a potion of agility
 I - 5 potions of flight
 O - 4 potions of haste
Comestibles
 f - 12 bread rations
 g - 10 fruits
 h - 11 meat rations
 m - 12 beef jerkies
 V - 3 royal jellies


   Skills:
 + Level 13.0 Fighting
 + Level 15.8 Long Blades
 + Level 12.7 Armour
 + Level 6.0 Dodging
 + Level 2.4 Stealth
 + Level 17.5 Shields
 + Level 0.7 Unarmed Combat
 + Level 0.8 Invocations


You had 13 spell levels left.
You didn't know any spells.

Dungeon Overview and Level Annotations

Branches:
Dungeon (14/15)            Temple (1/1) D:6            Lair (6/6) D:9
  Swamp (0/4) Lair:2        Snake (0/4) Lair:4        Slime (0/5) Lair:5
    Orc (1/2) D:9          Vaults (0/5) D:14

Altars:
Ashenzari
Cheibriados
Dithmenos
Elyvilon
Fedhas
Gozag
Hepliaklqana
Kikubaaqudgha
Makhleb
Nemelex Xobeh
Okawaru
Qazlal
Ru
Sif Muna
Trog
Uskayaw
Vehumet
Xom
Yredelemnul
Zin
The Shining One
Jiyva

Shops:
D:9 *   D:14 [[=[:   Orc:1 =


Innate Abilities, Weirdness & Mutations

You reflexively headbutt those who attack you in melee.
You have a pair of horns on your head.
Scrolls take you a little longer to read.


Message History

You see here a tomahawk.
The orc warrior no longer looks unusually strong.
The orc throws a tomahawk.
You reflect the tomahawk off an invisible shield around you!
The tomahawk hits the orc!
The orc dies!
The orc priest mumbles some strange prayers to Beogh against you.
Beogh smites you!
* * * LOW HITPOINT WARNING * * *
You feel better.
The orc no longer looks unusually strong.
You block the orc's attack.
The orc knight roars a battlecry!
The orcs go into a battle-frenzy!
You block the orc's attack. You block the ogre's attack.
An orc comes into view. It is wielding a falchion.
Really read with blurry vision while enemies are nearby?
The orc priest mumbles some strange prayers to Beogh against you.
Beogh smites you!
You die...

####..∩......$........
##.##.⌠.⌠...#.........o.
#..............o.>.......
..)....#.........)........
<..............................
....#..................>.......
....#....o...o................$.
.................o...............
..............o.@O...$.....$.....
#...#.....#.....o(.....##......o
##.#...#.#......o.OTo....###.#.#
.....###......oo......o...#.#.##
...... .......o.ooo#......o.$.#
...... .......................{
.......o......##.#o.....
.#..........###...#....#
............ ##.#.$...#


You could see 2 orc knights, a troll, 5 orc warriors, 2 ogres, 2 orc priests and
8 orcs.

Vanquished Creatures
  Gastronok (Lair:1)
  Louise (D:14)
  An orc warlord (Orc:1)
  6 dire elephants (Lair:6)
  The ghost of smzp the Bludgeoner, a journeyman GrFi of the Shining One (Lair:5)
  Fannar (D:11)
  Josephine (Lair:4)
  4 hydras
  An anaconda (Lair:6)
  A centaur warrior (D:14)
  A tengu warrior (D:13)
  2 dancing weapons (D:13)
  A fire crab (Lair:4)
  An unseen horror (D:13)
  4 skeletal warriors (D:12)
  4 hill giants
  A lindwurm (shapeshifter) (D:14)
  7 ugly things
  2 deep elf magi
  A manticore (D:14)
  4 elephants (Lair:6)
  A cyclops (D:11)
  3 black mambas
  Joseph (D:8)
  2 centaur zombies
  A centaur skeleton (D:11)
  A torpor snail (Lair:6)
  A gargoyle (D:11)
  9 spiny frogs
  2 rime drakes
  6 komodo dragons
  A polar bear (Lair:6)
  A hornet (D:10)
  3 trolls
  A two-headed ogre (D:8)
  5 blink frogs
  6 hippogriffs
  A shadow (D:13)
  5 wraiths (Lair:4)
  4 wyverns
  60 yaks
  4 basilisks
  A hog (shapeshifter) (D:13)
  3 hungry ghosts
  4 vampire mosquitoes (D:7)
  5 nagas (Lair:4)
  2 wargs (Orc:1)
  Duvessa (D:7)
  8 porcupines
  6 swamp worms (Lair:2)
  3 sky beasts
  9 water moccasins
  3 orc warriors
  3 black bears
  2 ice beasts (D:11)
  10 ogres
  A phantom (D:8)
  2 necrophages
  4 centaurs
  10 crocodiles
  15 bullfrogs
  A gnoll sergeant (D:8)
  Dowan (D:7)
  A wyvern zombie (D:13)
  3 scorpions
  A wyvern skeleton (D:8)
  8 killer bees
  4 howler monkeys
  4 wights (D:9)
  An electric eel (Lair:2)
  7 crimson imps
  A quasit (D:9)
  A bullfrog skeleton (D:12)
  A bullfrog zombie (D:6)
  6 orc priests
  A gnoll shaman (D:6)
  7 hounds
  10 orc wizards
  5 jellies
  Jessica (D:3)
  6 iguanas
  13 worker ants
  7 hell rats
  A killer bee zombie (D:7)
  2 hound zombies
  3 hound skeletons
  15 gnolls
  A howler monkey skeleton (D:9)
  15 adders
  A shadow imp (D:3)
  An adder zombie (D:7)
  3 dart slugs
  4 leopard geckos
  42 orcs
  A ball python (D:6)
  10 bats
  3 giant cockroaches
  11 goblins
  4 hobgoblins
  11 jackals
  3 quokkas
  2 frilled lizards
  12 kobolds
  2 leopard gecko skeletons
  10 rats
  4 plants (Lair:6)
507 creatures vanquished.

Vanquished Creatures (others)
  A centaur warrior (D:14)
  A water moccasin (D:6)
  A centaur (D:10)
  An orc (Orc:1)
  6 fungi
  8 plants (Lair:6)
18 creatures vanquished.

Grand Total: 525 creatures vanquished

Notes
Turn   | Place    | Note
-------+----------+-------------------------------------------
     0 | D:1      | Peloso the Minotaur Fighter began the quest for the Orb.
     0 | D:1      | Reached XP level 1. HP: 19/19 MP: 0/0
     9 | D:1      | Found a shimmering altar of Xom.
   123 | D:1      | You fall through a shaft!
   130 | D:2      | Reached XP level 2. HP: 27/27 MP: 1/1
   780 | D:2      | Reached XP level 3. HP: 33/33 MP: 2/2
   811 | D:2      | Reached skill level 4 in Shields
  1193 | D:2      | Reached XP level 4. HP: 34/41 MP: 3/3
  1457 | D:3      | Reached XP level 5. HP: 17/47 MP: 4/4
  1627 | D:3      | Reached skill level 1 in Dodging
  1980 | D:3      | Noticed Jessica
  1991 | D:3      | Killed Jessica
  2258 | D:3      | Reached skill level 5 in Shields
  2392 | D:3      | Reached XP level 6. HP: 53/53 MP: 5/5
  2740 | D:4      | Reached skill level 5 in Armour
  3087 | D:4      | Reached skill level 6 in Shields
  3315 | D:4      | Reached skill level 5 in Fighting
  3315 | D:4      | Reached skill level 5 in Long Blades
  3315 | D:4      | Reached XP level 7. HP: 50/61 MP: 6/6
  4284 | D:5      | Entered Level 5 of the Dungeon
  4389 | D:5      | Found a stormy altar of Qazlal.
  4771 | D:6      | Reached XP level 8. HP: 68/69 MP: 7/7
  4848 | D:6      | Got a vibrating copper ring
  4850 | D:6      | Identified the ring "Lonwibaj" {*Corrode rN+++ Int+4 Dex+3} (You found it on level 6 of the Dungeon)
  4898 | D:6      | Reached skill level 7 in Shields
  5124 | D:6      | Found a shimmering altar of Xom.
  5125 | D:6      | Noticed an angel
  5128 | D:6      | Found a glowing silver altar of Zin.
  5260 | D:6      | Found a staircase to the Ecumenical Temple.
  5270 | Temple   | Entered the Ecumenical Temple
  5773 | D:7      | Noticed Duvessa
  5773 | D:7      | Noticed Dowan
  5779 | D:7      | Killed Duvessa
  5792 | D:7      | Killed Dowan
  6013 | D:7      | Reached skill level 1 in Stealth
  6130 | D:7      | Reached XP level 9. HP: 67/78 MP: 8/8
  6138 | D:7      | Reached skill level 8 in Shields
  6220 | D:7      | Got an ivory hand axe
  6221 | D:7      | Identified the +9 hand axe "Saeb" {freeze, rC+} (You found it on level 7 of the Dungeon)
  6548 | D:8      | Noticed Joseph
  6561 | D:8      | Killed Joseph
  6561 | D:8      | Reached skill level 9 in Shields
  6653 | D:8      | Found an iron altar of Okawaru.
  6653 | D:8      | Found a sacrificial altar of Ru.
  6665 | D:8      | Found a faded altar of an unknown god.
  6668 | D:8      | Became a worshipper of Warmaster Okawaru
  6675 | D:8      | Found a faded altar of an unknown god.
  6676 | D:8      | Found a faded altar of an unknown god.
  6890 | D:8      | Reached skill level 10 in Long Blades
  6890 | D:8      | Reached XP level 10. HP: 88/88 MP: 9/9
  6914 | D:8      | Reached * piety under Okawaru
  7023 | D:8      | Found a basalt altar of Yredelemnul.
  7179 | D:9      | Found a staircase to the Orcish Mines.
  7193 | D:9      | Found Yntan's Assorted Antiques.
  7222 | D:9      | Reached skill level 10 in Shields
  7243 | D:9      | Reached ** piety under Okawaru
  7475 | D:9      | Found an opulent altar of Gozag.
  7498 | D:9      | Found a staircase to the Lair.
  7501 | D:9      | Identified a scroll of acquirement
  7607 | D:10     | Entered Level 10 of the Dungeon
  7720 | D:10     | Reached *** piety under Okawaru
  7736 | D:10     | Reached skill level 11 in Shields
  7965 | D:10     | Reached XP level 11. HP: 80/95 MP: 10/10
  7970 | D:10     | Reached **** piety under Okawaru
  8028 | D:10     | Received a gift from Okawaru
  8335 | D:11     | Noticed a seven-headed hydra
  8375 | Lair:1   | Entered Level 1 of the Lair of Beasts
  8663 | Lair:1   | Reached skill level 12 in Shields
  8857 | Lair:1   | Noticed Gastronok
  8906 | Lair:1   | Killed Gastronok
  8906 | Lair:1   | Reached ***** piety under Okawaru
  9622 | Lair:2   | Found a staircase to the Swamp.
  9657 | Lair:2   | Received a gift from Okawaru
  9660 | Lair:2   | Got a scorched shield {god gift}
  9671 | Lair:2   | Identified the +5 shield of Niepeacsapne {+Blink Stlth+} (Okawaru gifted it to you on level 2 of the Lair of Beasts)
  9846 | Lair:2   | HP: 2/99 [spiny frog (12)]
 10287 | Lair:2   | Reached skill level 13 in Shields
 10314 | Lair:2   | Reached XP level 12. HP: 97/106 MP: 11/11
 10316 | Lair:2   | Reached skill level 10 in Fighting
 10487 | Lair:2   | Reached skill level 5 in Dodging
 10748 | Lair:3   | Reached skill level 10 in Armour
 11122 | Lair:3   | Noticed a seven-headed hydra
 11557 | D:11     | Killed a ten-headed hydra
 11606 | D:11     | Reached skill level 14 in Shields
 11846 | D:11     | Noticed Fannar
 11855 | D:11     | Killed Fannar
 12284 | D:12     | Received a gift from Okawaru
 12287 | D:12     | Got a transparent scimitar {god gift}
 12288 | D:12     | Identified the +6 scimitar of the Ship {slice, *Contam +Rage rC+ Dex+5} (Okawaru gifted it to you on level 12 of the Dungeon)
 12608 | D:12     | Reached XP level 13. HP: 115/115 MP: 10/12
 13107 | D:13     | Reached ****** piety under Okawaru
 13198 | D:13     | Reached skill level 15 in Shields
 13202 | D:13     | Received a gift from Okawaru
 13997 | D:13     | Received a gift from Okawaru
 14000 | D:13     | Got a bloodstained long sword {god gift}
 14001 | D:13     | Identified the +7 long sword of the Fifty Stars {drain, rN++} (Okawaru gifted it to you on level 13 of the Dungeon)
 14073 | D:13     | Gained mutation: Scrolls take you a little longer to read. [mutagenic glow]
 14509 | D:14     | Found a gate to the Vaults.
 14562 | D:14     | Reached skill level 15 in Long Blades
 14793 | D:14     | Found Lyrghoyrch's Armour Boutique.
 14815 | D:14     | Found Raxacsar's Antique Armour Shop.
 14822 | D:14     | Bought a pair of brightly glowing boots for 342 gold pieces
 14834 | D:14     | Identified the cursed +0 pair of boots of Wasted Space {rPois} (You bought it in a shop on level 14 of the Dungeon)
 14836 | D:14     | Bought a pitted chain mail for 342 gold pieces
 14848 | D:14     | Identified the +5 chain mail "Mucexeas" {rF+ MR+ Int-3 Slay+3} (You bought it in a shop on level 14 of the Dungeon)
 14909 | D:14     | Found Witaloel's Jewellery Emporium.
 14984 | D:14     | Found Lylenweu's Book Emporium.
 14985 | D:14     | Noticed Louise
 14997 | D:14     | Killed Louise
 14997 | D:14     | Reached skill level 16 in Shields
 15021 | D:14     | Found Cuynej's Armour Boutique.
 15831 | Lair:3   | Received a gift from Okawaru
 16199 | Lair:4   | Noticed Josephine
 16206 | Lair:4   | Reached XP level 14. HP: 117/126 MP: 13/13
 16225 | Lair:4   | Received a gift from Okawaru
 16233 | Lair:4   | Killed Josephine
 16263 | Lair:4   | Found a staircase to the Snake Pit.
 16592 | Lair:5   | Found a viscous altar of Jiyva.
 16592 | Lair:5   | Found a staircase to the Slime Pits.
 16625 | Lair:5   | Noticed smzp's ghost (journeyman GrFi)
 16637 | Lair:5   | Killed smzp's ghost
 17372 | Lair:6   | Entered Level 6 of the Lair of Beasts
 17380 | Lair:6   | Reached skill level 17 in Shields
 18144 | Lair:6   | Received a gift from Okawaru
 18346 | Lair:6   | Got a shimmering chain mail
 18357 | Lair:6   | Identified the +11 chain mail of Morality {-Cast rPois Str+2} (You found it on level 6 of the Lair of Beasts)
 18657 | Orc:1    | Entered Level 1 of the Orcish Mines
 18657 | Orc:1    | Found Viuw's Jewellery Shop.
 18714 | Orc:1    | Noticed an orc warlord
 18735 | Orc:1    | Killed an orc warlord
 18764 | Orc:1    | HP: 2/129 [orc priest/divine providence (14)]
 18766 | Orc:1    | Killed from afar by an orc priest

Skill      XL: |  1  2  3  4  5  6  7  8  9 10 11 12 13 14 |
---------------+-------------------------------------------+-----
Fighting       | 4 5 6 8 9 10 12 13 | 13.0
Armour         | 4 5 6 7 8 9 10 11 12 | 12.7
Shields        | 4 5 6 7 9 11 13 14 16 17 | 17.5
Long Blades    | 3 4 5 6 7 10 11 13 14 15 | 15.8
Dodging        | 1 2 3 4 5 6 |  6.0
Stealth        | 1 2 |  2.4
Unarmed Combat | |  0.7
Invocations    | |  0.8

Action                   |  1- 3 |  4- 6 |  7- 9 | 10-12 | 13-15 || total
-------------------------+-------+-------+-------+-------+-------++-------
Melee: Long sword        |    92 |   183 |   293 |   797 |   458 ||  1823
       Headbutt          |    11 |    29 |    82 |   240 |   211 ||   573
       Unarmed           |       |       |     5 |       |       ||     5
       Scimitar          |       |       |       |    68 |    99 ||   167
Invok: Heroism           |       |       |       |     5 |     4 ||     9
Evoke: Wand              |       |       |       |       |     1 ||     1
  Use: Scroll            |     5 |     3 |     1 |    19 |     7 ||    35
       Potion            |       |       |       |     6 |     2 ||     8
 Stab: Confused          |       |       |     1 |       |       ||     1
       Invisible         |       |       |       |     1 |       ||     1
  Eat: Chunk             |     1 |     7 |    11 |    17 |    19 ||    55
       Fruit             |       |       |     1 |     2 |     1 ||     4
       Pizza             |       |       |       |     1 |       ||     1
Armor: Scale mail        |    62 |    74 |    40 |       |       ||   176
       Chain mail        |       |       |    55 |   194 |   198 ||   447
Dodge: Dodged            |    32 |    35 |    84 |   137 |   152 ||   440
Block: Shield            |    69 |    81 |   247 |    65 |   369 ||   831
       Reflection        |       |       |     4 |    10 |    10 ||    24
       Large shield      |       |       |       |   723 |   160 ||   883
       Rpst.: Long sword |     7 |     6 |    28 |    35 |    24 ||   100
       Scimitar          |       |       |       |     1 |     5 ||     6
